Map: [ESL] Waterfall

Players

Scarlett

  • Race: Zerg Zerg
  • Spawn Location: 1:00

Creator - Winner!

  • Race: Protoss Protoss
  • Spawn Location: 7:00

Event: DreamHack SC2 Masters 2022 Valencia

VOD

Have the link to the VOD?

Description

Time

  • Played on: July 2, 2022, 9:58 a.m.
  • Length: 7:30

All games in this series

Show
View Real Time Build Order
Export as new Build Order

Scarlett Zerg 

Build Orders: Hatch First 

Get SALT Encoding   

  12  0:00  Drone  
  13  0:12  Overlord  
  13  0:17  Drone  
  14  0:30  Drone x2  
  16  0:42  Drone  
  17  0:51  Hatchery  
  17  0:55  Drone  
  17  0:59  Drone  
  18  1:08  Extractor  
  17  1:14  Spawning Pool  
  17  1:17  Drone  
  17  1:20  Drone  
  18  1:28  Drone  
  19  1:38  Drone  
  20  1:48  Overlord  
  20  2:01  Queen  
  20  2:03  Zergling x2, Drone, Queen  
  26  2:11  Drone  
  26  2:13  Metabolic Boost  
  27  2:20  Drone  
  29  2:22  Zergling x2  
  29  2:30  Drone  
  29  2:36  Hatchery  
  29  2:44  Drone  
  29  2:48  Overlord  
  29  2:49  Drone  
  31  2:52  Drone  
  31  2:54  Queen  
  34  3:00  Drone x2  
  36  3:07  Queen  
  36  3:10  Overlord  
  38  3:13  Drone  
  38  3:15  Drone  
  38  3:18  Drone x2  
  42  3:20  Drone  
  42  3:23  Drone  
  42  3:27  Overlord  
  44  3:29  Drone  
  44  3:30  Drone  
  46  3:35  Queen  
  46  3:39  Drone x2  
  50  3:44  Spore Crawler  
  49  3:49  Drone x3  
  52  3:58  Drone x4  
  52  4:02  Queen  
  58  4:07  Overlord  
  58  4:10  Drone x5  
  58  4:15  Roach Warren  
  62  4:21  Zergling x6  
  62  4:23  Extractor  
  62  4:24  Extractor  
  63  4:27  Overlord  
  63  4:28  Zergling x6  
  66  4:32  Zergling x2  
  67  4:40  Lair  
  67  4:41  Zergling x6  
  70  4:47  Zergling x8, Spore Crawler  
  73  4:55  Overlord x3  
  73  4:56  Zergling x2  
  73  4:57  Zergling x2  
  74  5:02  Overlord x2  
  72  5:15  Zergling x6  
  72  5:16  Zergling x6  
  72  5:17  Roach x2  
  76  5:31  Roach x6  
  81  5:37  Glial Reconstitution, Roach  
  81  5:40  Zergling x2  
  81  5:41  Zergling x6  
  85  5:45  Hatchery  
  85  5:49  Zergling x4  
  85  5:53  Zergling x6  
  84  6:02  Zergling x6  
  84  6:03  Ravager x3  
  83  6:04  Zergling x2  
  83  6:08  Zergling x8, Ravager  
  88  6:12  Zergling x6  
  88  6:16  Roach x2  
  88  6:22  Roach x2  
  83  6:27  Zergling x4, Queen  
  83  6:32  Roach x2  
  87  6:37  Zergling x2  
  83  6:42  Roach x2  
  83  6:44  Zergling x2  
  83  6:45  Zergling x4  
  82  6:48  Zergling x6  
  82  6:49  Overseer  
  82  6:53  Zergling x2  
  84  6:58  Zergling x10  
  86  7:03  Zergling x2  
  83  7:13  Zergling x2  
Show
View Real Time Build Order
Export as new Build Order

Creator Protoss - Winner!

Build Orders: 1 Gate Expand, Blink Stalkers 

Get SALT Encoding   

  12  0:00  Probe  
  13  0:12  Pylon  
  13  0:17  Probe (Chrono Boost)  
  14  0:27  Probe (Chrono Boost)  
  15  0:32  Probe (Chrono Boost)  
  16  0:38  Gateway  
  16  0:43  Probe  
  16  0:47  Assimilator  
  17  0:56  Probe  
  18  1:08  Probe  
  19  1:20  Probe  
  19  1:24  Nexus  
  20  1:34  Cybernetics Core  
  20  1:37  Probe  
  21  1:42  Assimilator  
  21  1:49  Probe  
  21  1:52  Pylon  
  22  2:01  Probe  
  22  2:08  Adept (Chrono Boost)  
  23  2:13  Probe  
  26  2:20  Twilight Council  
  26  2:21  Warp Gate  
  26  2:26  Probe (Chrono Boost)  
  27  2:30  Stalker  
  29  2:37  Probe (Chrono Boost)  
  29  2:38  Probe (Chrono Boost)  
  31  2:47  Probe x2 (Chrono Boost)  
  33  2:52  Probe x2 (Chrono Boost)  
  33  2:55  Blink (Chrono Boost)  
  35  3:04  Probe x2  
  37  3:14  Gateway  
  37  3:18  Probe x2  
  39  3:23  Robotics Facility  
  39  3:30  Probe x2  
  39  3:33  Gateway  
  41  3:35  Gateway  
  41  3:42  Probe x2  
  43  3:51  Gateway  
  43  3:52  Gateway  
  43  3:55  Pylon  
  43  3:59  Probe  
  44  4:03  Assimilator  
  44  4:07  Warp Prism (Chrono Boost)  
  44  4:14  Probe  
  44  4:15  Stalker, Pylon  
  49  4:18  Stalker  
  51  4:27  Pylon  
  51  4:28  Stalker  
  54  4:37  Observer  
  55  4:44  Pylon  
  54  4:53  Stalker x4  
  54  4:54  Stalker x2  
  66  5:11  Stalker  
  66  5:13  Pylon  
  68  5:16  Zealot  
  68  5:17  Zealot x3  
  68  5:18  Stalker  
  74  5:38  Stalker x5  
  82  5:43  Stalker  
  84  6:02  Stalker x2  
  84  6:03  Stalker  
  86  6:07  Pylon  
  86  6:08  Pylon  
  86  6:20  Stalker  
  80  6:30  Stalker x4  
  86  6:32  Stalker  
  86  6:42  Stalker  
  86  6:49  Stalker  
  86  6:50  Zealot  
  90  6:55  Zealot, Stalker  
  90  6:56  Zealot  
  96  7:04  Stalker  
  96  7:08  Pylon  
  88  7:18  Stalker x3  
  84  7:28  Zealot, Stalker x2  

Tags
 
Add a new tag
Caveats
  • Supply blocks, unpowered buildings, or Contaminate may cause inaccurate times.
  • Supply counts are checked every 10 seconds.